 Dungeon Crawl Stone Soup version 0.20.1-1-g8b1a95d (webtiles) character file.

54 spiff the Skirmisher (level 4, -1/35 HPs)
             Began as a Human Wanderer on July 7, 2017.
             Slain by an adder (2 damage)
             ... on level 2 of the Dungeon.
             The game lasted 00:07:28 (2272 turns).

spiff the Skirmisher (Human Wanderer)               Turns: 2272, Time: 00:07:28

Health: -1/35      AC:  3    Str: 12    XL:     4   Next: 12%
Magic:  4/4        EV: 12    Int: 14    God:
Gold:   74         SH:  0    Dex: 12    Spells: 3/3 levels left

rFire    . . .     SeeInvis .   a - +2 shortbow
rCold    . . .     Gourm    .   (shield currently unavailable)
rNeg     . . .     Faith    .   d - +0 robe
rPois    .         Spirit   .   n - +0 helmet
rElec    .         Reflect  .   (no cloak)
rCorr    .         Harm     .   (no gloves)
MR       .....                  (no boots)
Stlth    +.........             (no amulet)
Regen    0.2/turn               (no ring)
MPRegen  0.1/turn               (no ring)

@: lethally poisoned (-1 -> -5)
A: no striking features
a: no special abilities


You were on level 2 of the Dungeon.
You were not hungry.

You visited 1 branch of the dungeon, and saw 2 of its levels.

You collected 74 gold pieces.

Inventory:

Hand Weapons
 a - a +2 shortbow (weapon)
 g - a +0 mace
Missiles
 l - 25 sling bullets
 o - 15 stones (quivered)
Armour
 d - a +0 robe (worn)
 n - a +0 helmet (worn)
Scrolls
 e - a scroll of identify {unknown}
 i - 2 scrolls of enchant weapon {unknown}
 j - a scroll of noise {unknown}
 k - 2 scrolls of amnesia {unknown}
 m - 2 scrolls of remove curse {unknown}
Comestibles
 f - a bread ration
 h - 3 chunks of flesh


   Skills:
 + Level 3.3 Fighting
   Level 3.0 Polearms
 - Level 2.0 Bows
 - Level 1.0 Throwing
 - Level 1.0 Armour
 - Level 2.0 Dodging
   Level 1.0 Evocations


You had 3 spell levels left.
You didn't know any spells.

Dungeon Overview and Level Annotations

Branches:
Dungeon (2/15)

Altars:


Message History

You feel sick. The adder bites you.
* * * LOW HITPOINT WARNING * * *
The adder bites you but does no damage.
Throwing (i - inventory):
o - 18 stones (quivered)
Press: ? - help, Shift-Dir - straight line, f/p - adder
Aim: an adder (severely wounded)
You throw a stone. The stone closely misses the adder.
The adder closely misses you.
Throwing (i - inventory):
o - 17 stones (quivered)
Press: ? - help, Shift-Dir - straight line, f/p - adder
Aim: an adder (severely wounded)
You throw a stone. The stone misses the adder.
The adder bites you but does no damage.
Throwing (i - inventory):
o - 16 stones (quivered)
Press: ? - help, Shift-Dir - straight line, f/p - adder
Aim: an adder (severely wounded)
You throw a stone. The stone closely misses the adder.
* * * LOW HITPOINT WARNING * * *
You feel sick. The adder bites you.
You die...

#.# #####.# #.#
#####.# ## #.###.#
.....## #.#
#.....#
#####.###.#
####..#####.#
##K#.# #........#
##(# #..#######
#(########## #..#
#((((....S.# #).#
##########@####..#
..............#
.######.......#
##..###### #
#.#####...# #
#.........# #
#######...# #...#
#...#


You could see an adder.

Vanquished Creatures
  An ooze (D:2)
  A worm (D:2)
  2 dart slugs
  2 leopard geckos
  2 ball pythons (D:1)
  7 bats
  2 giant cockroaches (D:1)
  A hobgoblin (D:1)
  2 jackals (D:1)
  2 quokkas (D:2)
  3 frilled lizards
  6 goblins
  2 kobolds
  7 rats
40 creatures vanquished.

Notes
Turn   | Place    | Note
-------+----------+-------------------------------------------
     0 | D:1      | spiff the Human Wanderer began the quest for the Orb.
     0 | D:1      | spiff set off with: a +2 shortbow, 22 arrows, 2 potions of curing, a +0 robe, a bread ration
     0 | D:1      | Reached XP level 1. HP: 13/13 MP: 1/1
   276 | D:1      | Reached skill level 1 in Fighting
   362 | D:1      | Reached XP level 2. HP: 7/21 MP: 2/2
  1301 | D:1      | Reached XP level 3. HP: 25/28 MP: 3/3
  2232 | D:2      | Reached XP level 4. HP: 26/35 MP: 4/4
  2269 | D:2      | HP: 1/35 [adder (1)]
  2272 | D:2      | Slain by an adder

Skill      XL: |  1  2  3 |
---------------+----------+-----
Fighting       | 1 2 3 |  3.3
Polearms       | |  3.0
Bows           | |  2.0
Throwing       | |  1.0
Armour         | |  1.0
Dodging        | |  2.0
Evocations     | |  1.0

Action                   |  1- 3 |  4- 6 || total
-------------------------+-------+-------++-------
Melee: Mace              |   118 |       ||   118
       Unarmed           |     4 |       ||     4
       Shortbow          |     2 |       ||     2
 Fire: Shortbow          |    13 |    19 ||    32
Throw: Stone             |     3 |     9 ||    12
  Use: Potion            |       |     2 ||     2
 Stab: Sleeping          |     2 |       ||     2
  Eat: Chunk             |     4 |       ||     4
Armor: Robe              |    57 |     9 ||    66
Dodge: Dodged            |   134 |    31 ||   165
